Map: Ley Lines

Players

llllllllllll

  • Race: Terran Terran
  • League: Master
  • Spawn Location: 1:00

Lambo - Winner!

  • Race: Zerg Zerg
  • League: Grandmaster
  • Spawn Location: 7:00

VOD

Have the link to the VOD?

Description

Time

  • Played on: March 26, 2025, 1:03 p.m.
  • Length: 10:43
Show
View Real Time Build Order
Export as new Build Order

llllllllllll Terran 

Build Orders:  

Get SALT Encoding   

  12  0:00  SCV  
  13  0:12  SCV  
  14  0:18  Supply Depot  
  14  0:24  SCV  
  15  0:40  SCV, Barracks  
  16  0:43  Refinery  
  16  0:52  SCV  
  17  1:00  Barracks  
  17  1:04  SCV  
  18  1:16  SCV  
  19  1:28  Orbital Command, Reaper  
  20  1:35  Supply Depot  
  20  1:47  Reaper  
  21  1:54  SCV  
  22  2:05  Reaper  
  22  2:06  SCV  
  24  2:10  Command Center  
  24  2:18  SCV  
  24  2:19  Refinery  
  24  2:20  Marine  
  26  2:30  SCV  
  27  2:43  SCV  
  28  2:45  Marine, Factory  
  28  2:51  Supply Depot  
  29  2:55  SCV  
  29  2:58  Barracks Reactor  
  30  3:07  SCV  
  31  3:19  SCV, Command Center  
  32  3:23  Orbital Command  
  32  3:31  SCV  
  33  3:35  Starport  
  33  3:48  Hellion x2  
  36  3:51  SCV x2  
  36  3:54  Barracks Tech Lab  
  38  3:55  Barracks Reactor  
  38  4:03  SCV x2  
  38  4:09  Hellion x2  
  44  4:11  Viking  
  44  4:13  Marine  
  44  4:15  SCV x2  
  49  4:22  Stimpack  
  49  4:27  SCV x2  
  51  4:33  Marine x2  
  51  4:34  Marine  
  51  4:36  Orbital Command, Barracks  
  54  4:39  SCV x2, Factory Reactor  
  54  4:43  Starport Reactor  
  56  4:51  SCV x2, Marine x2  
  56  4:52  Marine  
  61  4:53  Supply Depot  
  61  4:56  Liberator  
  64  5:03  SCV x2  
  62  5:09  Marine x2  
  62  5:10  SCV  
  62  5:11  Marine  
  64  5:15  SCV x2  
  64  5:20  Refinery x2  
  66  5:22  SCV  
  66  5:23  Engineering Bay  
  66  5:27  Engineering Bay, SCV, Marine x2  
  66  5:28  SCV  
  71  5:29  Marine  
  71  5:30  Marine  
  71  5:34  SCV  
  74  5:40  SCV x2  
  76  5:43  Supply Depot  
  76  5:45  Marine  
  77  5:56  Factory Tech Lab  
  77  6:01  Medivac  
  77  6:04  Supply Depot  
  77  6:05  Medivac, SCV x3, Marine x3  
  77  6:08  Marine  
  85  6:13  Supply Depot  
  85  6:20  Combat Shield  
  85  6:25  SCV x2, Marine x3, Siege Tank  
  92  6:27  Marine  
  92  6:28  Marine  
  92  6:32  SCV  
  94  6:35  Medivac x2  
  94  6:37  SCV  
  94  6:39  Supply Depot  
  96  6:41  Terran Infantry Weapons Level 1  
  96  6:43  SCV, Marine x3  
  96  6:44  SCV  
  96  6:45  Marine  
  96  6:46  Supply Depot, Marine  
  103  6:48  Supply Depot  
  103  6:50  SCV  
  103  6:52  Terran Infantry Armor Level 1  
  104  6:58  Barracks  
  104  6:59  SCV x2  
  104  7:01  Barracks, Marine x3  
  109  7:02  SCV  
  109  7:05  Medivac  
  109  7:06  Marine x2  
  112  7:11  Siege Tank  
  109  7:16  SCV  
  109  7:18  Marine x3, Medivac  
  115  7:23  Marine  
  115  7:24  Marine  
  115  7:29  Factory, Refinery  
  115  7:32  Command Center  
  115  7:36  Marine x2  
  117  7:38  Marine  
  117  7:41  Marine x2  
  119  7:44  Liberator  
  119  7:48  Liberator  
  120  7:57  Marine x3  
  121  7:59  Marine, Barracks Reactor x2  
  121  8:00  Marine  
  121  8:01  Armory  
  121  8:06  SCV  
  121  8:10  Sensor Tower  
  122  8:15  Marine x3  
  122  8:17  Marine  
  122  8:18  Marine  
  122  8:19  Orbital Command  
  118  8:32  Marine  
  117  8:37  Supply Depot x2  
  117  8:39  Supply Depot  
  113  8:47  Factory Reactor  
  113  8:49  Factory Tech Lab  
  113  8:53  Supply Depot  
  113  8:58  Marine x4  
  113  9:00  Marine x5  
  113  9:01  SCV  
  113  9:02  SCV x2  
  125  9:05  Supply Depot  
  125  9:15  SCV x2  
  125  9:16  Widow Mine, Marine x4  
  133  9:19  Marine  
  133  9:20  Marine  
  125  9:24  Marine  
  125  9:25  Marine x2  
  125  9:26  SCV  
  125  9:27  SCV x2  
  125  9:29  Widow Mine  
  125  9:34  Marine x2  
  125  9:37  Widow Mine x2, Marine x2  
  125  9:38  SCV  
  130  9:57  Marine x2  
  130  9:58  Marine x5  
  130  9:59  Marine x2  
  86  10:15  Widow Mine x2, Marine x3  
  86  10:16  Marine x2  
  86  10:17  Marine  
  86  10:19  Marine x3  
Show
View Real Time Build Order
Export as new Build Order

Lambo Zerg - Winner!

Build Orders: Hatch First 

Get SALT Encoding   

  12  0:00  Drone  
  13  0:09  Drone  
  14  0:14  Drone, Extractor  
  15  0:34  Hatchery  
  14  0:41  Drone, Extractor  
  15  0:46  Overlord  
  15  1:01  Spawning Pool  
  15  1:04  Drone  
  15  1:08  Drone  
  16  1:12  Drone  
  16  1:15  Drone  
  18  1:26  Drone  
  19  1:37  Drone  
  20  1:47  Drone x2  
  21  1:48  Queen  
  21  1:50  Queen  
  26  1:56  Drone  
  26  1:58  Overlord  
  27  2:12  Hatchery  
  26  2:19  Zergling x2  
  26  2:20  Drone x2  
  29  2:32  Queen  
  31  2:38  Queen  
  31  2:42  Overlord  
  33  2:46  Drone x2  
  33  2:50  Zergling x2  
  36  2:55  Extractor  
  36  2:57  Drone  
  34  3:06  Drone  
  34  3:07  Zergling x4  
  37  3:14  Evolution Chamber  
  37  3:18  Spore Crawler  
  36  3:22  Drone x5  
  36  3:24  Overlord  
  42  3:28  Drone  
  43  3:34  Overlord  
  43  3:38  Overlord  
  43  3:47  Drone x3, Overlord  
  46  3:56  Drone x2  
  46  3:57  Drone x3  
  46  3:58  Drone  
  52  4:05  Metabolic Boost  
  52  4:06  Drone x3  
  52  4:09  Drone  
  56  4:11  Extractor  
  56  4:12  Drone  
  56  4:17  Drone  
  56  4:18  Drone x2  
  56  4:21  Queen  
  61  4:24  Zergling x2  
  61  4:25  Drone x2  
  61  4:29  Zergling x4  
  61  4:30  Zergling x2  
  67  4:35  Drone x2  
  67  4:36  Drone  
  67  4:38  Queen  
  70  4:40  Drone  
  70  4:42  Overlord  
  70  4:43  Drone  
  74  4:46  Overlord  
  74  4:52  Spore Crawler x2  
  73  4:54  Drone, Overlord  
  73  4:56  Zergling x2  
  73  5:00  Spore Crawler  
  73  5:06  Drone x8  
  79  5:09  Drone x2  
  79  5:13  Lair  
  80  5:17  Drone  
  81  5:24  Hatchery  
  81  5:26  Drone x2  
  83  5:28  Drone  
  83  5:29  Extractor  
  83  5:30  Extractor  
  83  5:31  Extractor  
  83  5:33  Baneling Nest  
  83  5:34  Drone x3  
  82  5:36  Evolution Chamber  
  82  5:37  Evolution Chamber  
  82  5:39  Drone x4  
  84  5:45  Drone x3  
  84  5:48  Zergling x10  
  92  5:54  Overlord  
  92  6:00  Zergling x10  
  97  6:05  Zerg Ground Armor Level 1, Zerg Melee Weapons Level 1  
  97  6:09  Zergling x2  
  97  6:10  Overlord  
  98  6:11  Overlord  
  98  6:18  Spore Crawler  
  98  6:19  Overlord  
  98  6:20  Overlord  
  98  6:21  Overlord  
  98  6:22  Overlord  
  97  6:29  Zergling x18  
  97  6:32  Drone  
  107  6:36  Zergling x2  
  107  6:37  Drone  
  107  6:39  Centrifugal Hooks  
  108  6:40  Drone  
  108  6:42  Drone x3  
  112  6:48  Drone x2  
  112  6:51  Baneling x5, Overseer  
  112  6:52  Drone x2  
  116  6:58  Zergling x4, Hatchery  
  116  7:00  Baneling x7  
  116  7:05  Zergling x4  
  113  7:09  Zergling x8  
  113  7:14  Zergling x14  
  118  7:22  Zergling x8  
  122  7:26  Drone x5  
  127  7:32  Spore Crawler  
  127  7:34  Zergling x4  
  127  7:36  Hatchery  
  127  7:37  Zergling x10  
  127  7:43  Zergling x2  
  131  7:44  Baneling x4  
  131  7:47  Zergling x4  
  129  7:55  Zergling x8  
  129  7:57  Zergling x10  
  135  8:01  Zergling x2  
  135  8:03  Overlord x2  
  135  8:05  Overlord  
  136  8:06  Baneling x3  
  136  8:08  Overlord  
  136  8:09  Overlord  
  136  8:11  Overlord  
  133  8:15  Overlord  
  133  8:16  Baneling x4  
  133  8:17  Zergling x8  
  136  8:25  Zergling x16  
  142  8:29  Zergling x6  
  142  8:30  Baneling x7  
  145  8:34  Infestation Pit  
  145  8:37  Zergling x12  
  148  8:42  Baneling  
  148  8:44  Zergling x6  
  148  8:47  Zergling x2  
  149  8:56  Zergling x6  
  149  8:57  Queen  
  149  8:58  Queen  
  149  9:02  Zergling x8  
  160  9:03  Baneling x4  
  160  9:04  Baneling x3, Queen x2  
  160  9:07  Spore Crawler  
  160  9:08  Zergling x8, Hatchery  
  166  9:15  Zergling x8  
  168  9:19  Zergling x8  
  160  9:27  Zergling x6  
  160  9:29  Zergling x2  
  160  9:30  Zergling x2, Baneling  
  160  9:31  Baneling x10  
  157  9:36  Overlord  
  157  9:37  Overlord  
  156  9:38  Overlord  
  156  9:40  Overlord  
  156  9:41  Baneling  
  156  9:44  Overlord x2  
  146  9:56  Zergling x22  
  144  10:00  Zergling x10  
  133  10:10  Zergling x10  
  127  10:15  Zergling x16  
  127  10:16  Baneling  
  127  10:17  Baneling x9  
  127  10:20  Zergling x2  
  134  10:22  Baneling x7  
  134  10:26  Zergling x6  
  138  10:42  Hatchery  
Tags
 
Matchup
TvZ
Player
Lambo
Spawn Locations
Cross Positions
Add a new tag
Caveats
  • Supply blocks, unpowered buildings, or Contaminate may cause inaccurate times.
  • Supply counts are checked every 10 seconds.